 Dungeon Crawl Stone Soup version 0.30-b1-2-g02819fbbbe (webtiles) character file.

Game seed: 16774487378871713830

12972 nightchill the Slicer (level 12, -8/100 HPs)
             Began as a Vine Stalker Berserker on Jan 14, 2024.
             Was a High Priest of Trog.
             Mangled by a white ugly thing (18 damage)
             ... on level 11 of the Dungeon.
             The game lasted 00:35:30 (10135 turns).

nightchill the Slicer (Vine Stalker Berserker)     Turns: 10135, Time: 00:35:30

Health: -8/100     AC:  9    Str: 30    XL:     12   Next: 1%
Magic:  0/13       EV: 12    Int:  7    God:    Trog [*****.]
Gold:   833        SH:  0    Dex: 15    Spells: 11/11 levels left

rFire   . . .        Q - +1 rapier (flame)
rCold   . . .        F - orb {light}
rNeg    . . .        S - +0 troll leather armour
rPois   .            n - +1 hat
rElec   .            L - +0 cloak
rCorr   .            p - +0 pair of gloves
SInv    .            (no boots)
Will    +....        B - amulet of faith Stlth
                     f - ring of flight
HPRegen 1.96/turn    R - +6 ring of strength
MPRegen 0.13/turn

%: guardian spirit, faith
@: berserking, flying, glowing, very quick
A: fangs 3, regeneration 1, magic shield, antimagic bite, no potion heal 2
a: Renounce Religion, Berserk, Trog's Hand, Brothers in Arms


You were on level 11 of the Dungeon.
You worshipped Trog.
Trog was extremely pleased with you.
You visited 1 branch of the dungeon, and saw 11 of its levels.

You collected 833 gold pieces.

Inventory:

Hand Weapons
 a - a +2 short sword of protection
 s - the +8 trident of the Octopus King {venom, rElec rPois}
   (You found it on level 4 of the Dungeon)

   rElec:     It insulates you from electricity.
   rPois:     It protects you from poison.
 P - a +0 rapier
 Q - a +1 rapier of flaming (weapon)
Missiles
 z - 6 curare-tipped darts (quivered)
 G - a throwing net
Armour
 n - a +1 hat (worn)
 p - a +0 pair of gloves (worn)
 w - the +3 leather armour of the Stars {rCorr}
   (You found it on level 3 of the Dungeon)

   rCorr:     It protects you from acid and corrosion.
 F - an orb of light (worn)
 L - a +0 cloak (worn)
 S - a +0 troll leather armour (worn)
Jewellery
 f - a ring of flight (left hand)
 m - an amulet of magic regeneration
 B - an amulet of faith (around neck)
 R - a +6 ring of strength (right hand)
 T - a ring of positive energy
Wands
 o - a wand of charming (10)
 D - a wand of digging (9)
 I - a wand of iceblast (5)
 O - a wand of polymorph (5)
Scrolls
 d - 2 scrolls of enchant weapon
 e - a scroll of immolation {unknown}
 g - 3 scrolls of blinking
 j - 4 scrolls of magic mapping
 q - 4 scrolls of vulnerability
 r - 2 scrolls of fog
 y - a scroll of noise
 A - a scroll of brand weapon {unknown}
 C - 2 scrolls of fear {unknown}
 E - 3 scrolls of teleportation
 N - a scroll of amnesia {unknown}
Potions
 b - 2 potions of ambrosia {unknown}
 c - 13 potions of curing
 h - a potion of cancellation {unknown}
 i - 3 potions of attraction {unknown}
 k - 2 potions of lignification {unknown}
 l - 2 potions of brilliance {unknown}
 t - 2 potions of flight {unknown}
 v - 2 potions of haste {unknown}
 x - 3 potions of degeneration {unknown}
 J - a potion of invisibility {unknown}
 K - 5 potions of resistance
 M - a potion of magic {unknown}
Miscellaneous
 u - a lightning rod (4/4)
 H - a box of beasts


   Skills:
 + Level 10.1 Fighting
 * Level 12.0 Short Blades
 + Level 8.1 Armour
 - Level 1.5 Dodging


You had 11 spell levels left.
You didn't know any spells.
Your spell library was empty.

Dungeon Overview and Level Annotations

Branches:
Dungeon (11/15)            Temple (0/1) D:6             Orc (0/2) D:9
   Lair: D:8-11

Altars:
Ashenzari
Dithmenos
Makhleb
Ru
Trog
Wu Jian
Xom
Zin
The Shining One

Shops:
D:2 (   D:3 =(**:   D:7 *([   D:8 :   D:9 ?

Annotations:
D:4 exclusion: 2 downstairs
D:8 exclusions: centaur and 1 more exclusion
D:9 exclusion: 2 downstairs


Innate Abilities, Weirdness & Mutations

You have razor-sharp teeth.
Your natural rate of healing is unusually fast.
When hurt, damage is shared between your health and your magic reserves.
Your bite disrupts and absorbs the magic of your enemies.
Potions cannot restore your health.


Message History

You feel agile.
You start waiting.
You feel a strong urge to attack something.
Unknown command.
You start waiting.
You are no longer berserk.
You are exhausted.
You feel yourself slow down.
You start waiting.
You feel yourself speed up.
You start waiting.
You recover from your berserk rage.
A white ugly thing comes into view.
The white ugly thing gurgles horribly!
A gargoyle comes into view. It is wielding a +0 flail.
There are monsters nearby!
You hit the white ugly thing. You burn the white ugly thing.
The white ugly thing is lightly wounded.
The white ugly thing barely misses you.
You barely miss the white ugly thing. Your bite misses the white ugly thing.
The white ugly thing is lightly wounded.
You hit the white ugly thing. You burn the white ugly thing.
You bite the white ugly thing. You drain its power.
The white ugly thing is moderately wounded.
The white ugly thing engulfs you! The white ugly thing freezes you!!
* * * LOW HITPOINT WARNING * * *
A red film seems to cover your vision as you go berserk!
You feel yourself moving faster!
You feel mighty! The white ugly thing engulfs you.
* * * LOW HITPOINT WARNING * * *
The white ugly thing freezes you!!
* * * LOW HITPOINT WARNING * * *
You hit the white ugly thing. You burn the white ugly thing.
The white ugly thing is moderately wounded.
You hit the white ugly thing. You burn the white ugly thing.
The white ugly thing is heavily wounded.
The white ugly thing engulfs you.
* * * LOW HITPOINT WARNING * * *
The white ugly thing freezes you!!
You die...

###..##..###.##.#..
##..##..##.[#.##...#
.#.##..##..###....###
.#.####..##†.#..###
.##..####..##†###
##.##.##.####..##
##..##......#####
##...##.######.#
#....##.@u9.....
##....##.######.#
##.....##.. ##
###...#..##.##
..###....###.##..
#.........##.####
##........##.#
#........##.#
###......##.####


You could see a white ugly thing and a gargoyle.

Vanquished Creatures
  Josephine (D:10)
  A hydra (D:11)
  A two-headed ogre (D:9)
  Lodul (D:10)
  An ugly thing (D:11)
  A manticore (D:11)
  An unseen horror (D:6)
  A komodo dragon (D:10)
  5 trolls
  Sigmund (D:3)
  2 wyverns
  12 yaks
  5 wraiths (D:10)
  2 steam dragons
  5 vampire mosquitoes (D:11)
  2 acid dragons (D:10)
  3 water moccasins
  3 orc warriors
  8 ogres
  3 centaurs
  5 phantoms
  3 kobold brigands
  A gnoll sergeant (D:6)
  2 bullfrogs
  3 scorpions (D:6)
  10 killer bees
  A troll zombie (D:9)
  A howler monkey (D:5)
  3 hounds
  A gnoll bouda (D:4)
  A jelly (D:7)
  5 orc priests
  3 sleepcaps
  5 iguanas
  Natasha (thrice) (D:2)
  9 orc wizards
  5 ogre zombies (D:9)
  13 gnolls
  11 adders
  2 dart slugs
  28 orcs
  11 ball pythons
  10 bats
  7 endoplasms
  2 giant cockroaches
  5 goblins
  9 hobgoblins
  7 jackals
  32 kobolds
  8 quokkas
  4 frilled lizards (D:1)
  A goblin skeleton (D:9)
  3 goblin zombies (D:9)
  A hobgoblin skeleton (D:9)
  5 hobgoblin zombies (D:9)
  An orc skeleton (D:9)
  8 orc zombies (D:9)
  9 rats
297 creatures vanquished.

Vanquished Creatures (others)
  47 plants (D:4)
47 creatures vanquished.

Grand Total: 344 creatures vanquished

Notes
Turn   | Place    | Note
-------+----------+-------------------------------------------
     0 | D:1      | nightchill the Vine Stalker Berserker began the quest for
                  | the Orb.
     0 | D:1      | Reached XP level 1. HP: 11/11 MP: 2/2
    20 | D:1      | Found a faded altar of an unknown god.
   267 | D:1      | Reached skill level 3 in Short Blades
   270 | D:1      | Reached XP level 2. HP: 16/16 MP: 3/3
   443 | D:1      | Reached XP level 3. HP: 20/20 MP: 4/4
   476 | D:1      | Reached ** piety under Trog
  1021 | D:2      | Gained mutation: Your natural rate of healing is unusually
                  | fast. [Vine Stalker growth]
  1021 | D:2      | Reached XP level 4. HP: 24/24 MP: 5/5
  1073 | D:2      | Reached skill level 4 in Short Blades
  1079 | D:2      | Found Nostoagres's Weapon Shop.
  1118 | D:2      | Noticed Natasha
  1653 | D:2      | Killed Natasha
  1654 | D:2      | Reached XP level 5. HP: 19/28 MP: 6/6
  1722 | D:2      | Noticed Natasha
  1742 | D:2      | Killed Natasha
  1982 | D:2      | Noticed Natasha
  1993 | D:2      | Killed Natasha
  2274 | D:3      | Reached skill level 5 in Short Blades
  2352 | D:3      | Noticed Sigmund
  2365 | D:3      | Killed Sigmund
  2366 | D:3      | Reached XP level 6. HP: 34/34 MP: 7/7
  2475 | D:3      | Reached *** piety under Trog
  2481 | D:3      | Found Zalestrya's Assorted Antiques.
  2498 | D:3      | Found Luah's Book Shop.
  2559 | D:3      | Found Jiyruety's General Store.
  2579 | D:3      | Identified the +3 leather armour of the Stars {rCorr}
  2671 | D:3      | Found Nusuclol's Antique Weapon Shoppe.
  2684 | D:3      | Found Xafrost's Jewellery Shop.
  3258 | D:4      | Reached XP level 7. HP: 38/38 MP: 8/8
  3269 | D:4      | Reached skill level 6 in Short Blades
  3343 | D:4      | Found the +8 trident of the Octopus King {venom, rElec
                  | rPois}
  3967 | D:4      | Reached skill level 5 in Fighting
  4178 | D:5      | Entered Level 5 of the Dungeon
  4287 | D:5      | Reached skill level 7 in Short Blades
  4316 | D:4      | Gained mutation: You have razor-sharp teeth. [Vine Stalker
                  | growth]
  4316 | D:4      | Reached XP level 8. HP: 24/43 MP: 7/9
  4397 | D:5      | Found a sacrificial altar of Ru.
  5175 | D:6      | Reached skill level 8 in Short Blades
  5255 | D:6      | Found a staircase to the Ecumenical Temple.
  5326 | D:6      | Reached XP level 9. HP: 34/49 MP: 7/10
  5367 | D:6      | Noticed an unseen horror
  5381 | D:6      | Killed an unseen horror
  5382 | D:6      | Reached skill level 9 in Short Blades
  5410 | D:6      | Found a glowing silver altar of Zin.
  5458 | D:6      | Found a shadowy altar of Dithmenos.
  5662 | D:7      | Found Gibrup's Armour Shop.
  5928 | D:7      | Found Luvegrib's Assorted Antiques.
  6401 | D:7      | Found Pauheilo's Antique Weapon Shoppe.
  6504 | D:7      | Reached skill level 10 in Short Blades
  6565 | D:8      | Found an ornate altar of the Wu Jian Council.
  6633 | D:8      | Reached **** piety under Trog
  6793 | D:8      | Found a glowing golden altar of the Shining One.
  6810 | D:8      | Found a burning altar of Makhleb.
  6812 | D:8      | Found a broken altar of Ashenzari.
  6996 | D:8      | Found Duphiub's Book Shop.
  7229 | D:9      | Reached XP level 10. HP: 56/56 MP: 11/11
  7270 | D:9      | Reached ***** piety under Trog
  7293 | D:9      | Found a staircase to the Orcish Mines.
  7303 | D:9      | Identified the +4 trident of Glory {drain, rElec rPois}
  7328 | D:9      | Noticed a two-headed ogre
  7334 | D:9      | Killed a two-headed ogre
  7335 | D:9      | Reached skill level 5 in Armour
  7398 | D:9      | Found Onotor's Magic Scroll Shoppe.
  7865 | D:10     | Entered Level 10 of the Dungeon
  8318 | D:10     | Noticed Lodul
  8348 | D:10     | Received a gift from Trog
  8483 | D:10     | Killed Lodul
  8484 | D:10     | Reached XP level 11. HP: 61/62 MP: 12/12
  8737 | D:10     | Identified the +0 scale mail "Roossuje" {Stlth+}
  9063 | D:10     | Found a bloodstained altar of Trog.
  9120 | D:10     | Found a shimmering altar of Xom.
  9199 | D:10     | Noticed Josephine
  9208 | D:10     | Killed Josephine
  9209 | D:10     | Reached skill level 11 in Short Blades
  9853 | D:11     | Noticed a six-headed hydra
  9868 | D:11     | Killed a six-headed hydra
  9924 | D:11     | Reached skill level 10 in Fighting
 10001 | D:11     | Noticed a manticore
 10020 | D:11     | Killed a manticore
 10079 | D:11     | Noticed a white ugly thing
 10087 | D:11     | Killed a white ugly thing
 10088 | D:11     | Reached skill level 12 in Short Blades
 10088 | D:11     | Reached XP level 12. HP: 67/67 MP: 13/13
 10135 | D:11     | Mangled by a white ugly thing

Illustrated notes

Levels and vault maps discovered:
D:1:      giann_horns, layout_basic, shapermc_ecumenical_altar_starsandcircs
D:2:      layout_basic, serial_shops, nicolae_shop_competitors_out_of_business,
          minmay_randomly_rotated_circles, uniq_natasha
D:3:      layout_basic, serial_shops, nicolae_shop_statue_plus, shop, shop,
          shop, nicolae_shop_gaudy_bauble, uniq_sigmund
D:4:      kennysheep_kobold_camp, layout_loops_ring, hangedman_decor_lopped,
          chequers_big_river
D:5:      layout_rooms, general_overflow_altar, nrook_loot_triangle
D:6:      layout_rooms, nicolae_overflow_crystal_walls,
          grunt_dithmenos_smoke_and_mirrors, minmay_temple_entry_slanted,
          hex_tiny
D:7:      layout_loops_corners, serial_shops, nicolae_shop_window_shopping,
          nicolae_shop_back_alley_shop, nicolae_stop_n_shop_2
D:8:      layout_rooms, pdpol_wu_jian_five_deadly_venoms,
          mainiacjoe_overflow_brackets, mainiacjoe_overflow_catwalk_spiral,
          serial_shops, nicolae_shop_tiny_glass
D:9:      layout_irregular_city, zombieorc1_lemuel, serial_shops, shop
D:10:     layout_rooms, mainiacjoe_overflow_tiny_flanked,
          mainiacjoe_overflow_alcove_2, uniq_josephine, uniq_lodul
D:11:     minmay_the_grid_triangle_9x9_rhombus_full
          [minmay_the_grid_triangle_9x9_descending_squares,
          minmay_the_grid_triangle_9x9_cache,
          minmay_the_grid_triangle_9x9_zippers_horizontal,
          minmay_the_grid_triangle_9x9_stretched_checkered,
          minmay_the_grid_triangle_9x9_from_above,
          minmay_the_grid_triangle_9x9_pentomino_pain,
          minmay_the_grid_triangle_9x9_empty,
          minmay_the_grid_triangle_9x9_prize_insulated], layout_cave_pods

Skill      XL: |  1  2  3  4  5  6  7  8  9 10 11 |
---------------+----------------------------------+-----
Short Blades   | 3 4 5 7 8 10 12 | 12.0
Fighting       | 3 4 5 6 7 9 10 | 10.1
Armour         | 3 7 8 |  8.1
Dodging        | |  1.5

Action                     |  1- 3 |  4- 6 |  7- 9 | 10-12 || total
---------------------------+-------+-------+-------+-------++-------
  Melee: Short sword       |   109 |   200 |   464 |   152 ||   925
         Bite              |    25 |    51 |   195 |   188 ||   459
         Punch             |     1 |       |       |       ||     1
         Rapier            |       |       |       |   232 ||   232
 Invoke: Berserk           |     2 |     4 |     8 |    10 ||    24
         Trog's Hand       |       |       |       |     1 ||     1
    Use: Scroll            |       |       |     9 |     1 ||    10
   Stab: Distracted        |       |     3 |       |       ||     3
         Sleeping          |       |       |     1 |       ||     1
 Armour: Robe              |    53 |    41 |       |       ||    94
         Animal skin       |     2 |       |       |       ||     2
         Scale mail        |       |    19 |       |       ||    19
         Leather armour    |       |    11 |   101 |   102 ||   214
         Troll leather arm |       |       |       |    15 ||    15
  Dodge: Dodged            |   111 |   115 |   183 |   177 ||   586
